 Dungeon Crawl Stone Soup version 0.30-a0-394-g3e4acdb0ae (webtiles) character file.

Game seed: 9663732479086513708

44 kae the Chiller (level 3, 0/24 HPs)
             Began as a Merfolk Ice Elementalist on Dec 6, 2022.
             Killed from afar by Sigmund (6 damage)
             ... with a puff of flame
             ... on level 2 of the Dungeon.
             The game lasted 00:02:19 (1457 turns).

kae the Chiller (Merfolk Ice Elementalist)          Turns: 1457, Time: 00:02:19

Health: 0/24       AC:  3    Str:  8    XL:     3   Next: 62%
Magic:  1/6        EV: 12    Int: 16    God:
Gold:   95         SH:  0    Dex: 14    Spells: 0/7 levels left

rFire   . . .      SeeInvis .    (no weapon)
rCold   . . .      Faith    .    (no shield)
rNeg    . . .      Spirit   .    a - +1 robe
rPois   .          Reflect  .    (no helmet)
rElec   .          Harm     .    (no cloak)
rCorr   .          Rampage  .    (no gloves)
Will    .....                    (no boots)
Stlth   ++........               (no amulet)
HPRegen 0.24/turn                (no ring)
MPRegen 0.10/turn                (no ring)

@: mighty, freezing walls
A: (nimble swimmer 2), mertail
a: no special abilities


You were on level 2 of the Dungeon.
You visited 1 branch of the dungeon, and saw 2 of its levels.

You collected 95 gold pieces.


Innate Abilities, Weirdness & Mutations

((You are very nimble when in or above water. (Stealth+, EV+, Speed+++)))
Your lower body shifts to a powerful aquatic tail in water.


   Skills:
 - Level 2.6 Dodging
 - Level 2.1 Stealth
 + Level 2.5 Spellcasting
 * Level 5.3 Ice Magic


You couldn't memorise any spells.
You knew the following spells:

 Your Spells              Type           Power      Damage    Failure   Level
a - Freeze                Ice            76%        1d8       2%          1
b - Frozen Ramparts       Ice            38%        1d6       6%          3
c - Ozocubu's Armour      Ice            19%        N/A       6%          3

Your spell library contained the following spells:

 Spells                   Type           Power      Damage    Failure   Level
 Magic Dart               Conj           8%         1d3       21%         1
 Call Imp                 Summ           2%         N/A       30%         2
 Mephitic Cloud           Conj/Pois/Air  2%         N/A       52%         3
 Summon Ice Beast         Ice/Summ       10%        N/A       54%         4
 Airstrike                Air            1%         2d(1-17)  89%         4
 Passage of Golubria      Tloc           2%         N/A       89%         4
 Summon Lightning Spire   Summ/Air       2%         N/A       89%         4
 Lightning Bolt           Conj/Air       1%         1d12      99%         5
 Silence                  Hex/Air        1%         N/A       99%         5
 Lehudib's Crystal Spear  Conj/Erth      1%         10d2      100%        8

Inventory:

Missiles
 h - 6 javelins
 i - 6 poisoned darts
 j - 10 stones
Armour
 a - a +1 robe (worn)
Potions
 b - a potion of magic
 d - a potion of heal wounds {unknown}
 e - 2 potions of curing {@q1}
 l - a potion of brilliance {unknown}

Dungeon Overview and Level Annotations

Branches:
Dungeon (2/15) Zot: 10544

Altars:
Okawaru

Annotations:
D:2 Sigmund

#..###...###...# ###.##
##### #.#..# #...#
#.##.#### # ##.###
#.#....@#. #.##..#
#########......... #...>###
#.................
.......###.#######.........
######...#.#.....#.........
###)..#....@#.........
##..#....({.........
#..#.....#.<.......
#..#######.........
##.........#.....#.
##........#######
####...### #...# #...#


There were no monsters in sight!


Message History

You kill the worm! 😮 MP[-1]
You lost 1 mp, and now have 2/6 mp.
Unknown command.
You climb upwards.
There is a stone staircase leading down here. 😮 HP[+1] Unknown command.
You start resting. 😕 HP[+3] MP[+1]
You regained 3 hp, and now have 20/24 hp.
You start resting. 😕 HP[+2] MP[+2]
You regained 2 hp, and now have 22/24 hp.
You regained 2 mp, and now have 5/6 mp.
You start resting. 😎 HP[+2]
Your hp is fully restored (24).
You climb downwards.
Level annotation: Sigmund
There is a stone staircase leading up, spattered with blood here.
There is an open door here.
Things that are here:
a +0 short sword; a kobold corpse; 😎 MP[+1]
Your mp is fully restored (6).
You start waiting.
Sigmund is nearby!
Casting: Freeze (safe; 2% risk of failure)
Confirm with . or Enter, or press ? or * to list all spells.
The spell is quite dangerous to miscast (6% risk of failure)!
Continue anyway? [Y]es or [N]o only, please.
The spell is quite dangerous to miscast (6% risk of failure)!
Continue anyway?
Casting: Frozen Ramparts (quite dangerous; 6% risk of failure)
Press: ? - help, Dir - look around, f - activate The walls around you are covered in ice.
The wall freezes Sigmund.
Sigmund barely misses you. 😎 MP[-3]
You lost 3 mp, and now have 3/6 mp.
Casting: Frozen Ramparts (quite dangerous; 6% risk of failure)
Confirm with . or Enter, or press ? or * to list all spells.
You can't see any susceptible monsters within range! (Use Z to cast anyway.)
Your frozen ramparts will break if you move.
Continue?
Okay, then.
The wall freezes Sigmund.
Sigmund zaps a wand.
The puff of flame hits you. 😕 HP[-4]
You take 4 damage, and now have 20/24 hp.
Unknown command.
Unknown command.
The wall freezes Sigmund.
Sigmund zaps a wand.
The puff of flame hits you. 😮 HP[-4]
You take 4 damage, and now have 16/24 hp.
The wall freezes Sigmund.
Sigmund hits you from afar with a +1 vampiric scythe!
* * * LOW HITPOINT WARNING * * *
😨 HP[-6]
You take 6 damage, and now have 10/24 hp.
MASSIVE DAMAGE!! (PAUSE)
The frozen ramparts melt away.
Sigmund mumbles some strange words.
Sigmund flickers and vanishes!
Deactivating autopickup; reactivate with Ctrl-A.
Unknown command.
Something hits you!
* * * LOW HITPOINT WARNING * * *
Things that are here:
a +0 short sword; a kobold corpse; 😱 HP[-8]
You take 8 damage, and now have 2/24 hp.
MASSIVE DAMAGE!! (PAUSE) Unknown command.
Unknown command.
You feel better. 😮 HP[+11]
You regained 11 hp, and now have 13/24 hp.
Casting: Frozen Ramparts (quite dangerous; 6% risk of failure)
Confirm with . or Enter, or press ? or * to list all spells.
You can't see any susceptible monsters within range! (Use Z to cast anyway.)
Casting: Frozen Ramparts (quite dangerous; 6% risk of failure)
Confirm with . or Enter, or press ? or * to list all spells.
The spell is quite dangerous to miscast (6% risk of failure)!
Continue anyway?
Casting: Frozen Ramparts (quite dangerous; 6% risk of failure)
Press: ? - help, Dir - look around, f - activate The walls around you are covered in ice.
The wall freezes something!
Something hits you!
* * * LOW HITPOINT WARNING * * *
😱 HP[-7] MP[-3]
You take 7 damage, and now have 6/24 hp.
MASSIVE DAMAGE!! (PAUSE)
You lost 3 mp, and now have 0/6 mp.
Unknown command.
It was a potion of might.
You feel very mighty all of a sudden.
The wall freezes something.
You hear some strange, mumbled words.
A puff of flame appears from out of thin air!
The puff of flame hits you.
You die...

Skill      XL: |  1  2 |
---------------+-------+-----
Ice Magic      | 5 |  5.3
Dodging        | |  2.6
Stealth        | |  2.1
Spellcasting   | |  2.5

Action                   || total
-------------------------++-------
Melee: Unarmed           ||     8
 Cast: Freeze            ||    50
       Frozen Ramparts   ||     3
  Use: Scroll            ||     4
       Potion            ||     2
Armor: Robe              ||     9
Dodge: Dodged            ||    23

Levels and vault maps discovered:
D:1:      eino_arrival_cavern_b, layout_basic,
          hellmonk_ecumenical_altar_slurped_away, minmay_surrounded
D:2:      layout_rooms, basic_altar, serial_shops,
          nicolae_shop_bloodbath_and_beyond, nrook_mini_vaults, uniq_sigmund

Notes
Turn   | Place    | Note
-------+----------+-------------------------------------------
     0 | D:1      | kae the Merfolk Ice Elementalist began the quest for the
                  | Orb.
     0 | D:1      | Reached XP level 1. HP: 13/13 MP: 3/3
     0 | D:1      | magus.rc [v1.11.3]
   123 | D:1      | You pick up a book of Minor Magic and begin reading...
   123 | D:1      | You add the spells Magic Dart, Call Imp and Mephitic Cloud
                  | to your library.
   353 | D:1      | Reached XP level 2. HP: 19/19 MP: 1/5
   402 | D:1      | You pick up a book of the Moon and begin reading...
   402 | D:1      | You add the spells Passage of Golubria, Silence and
                  | Lehudib's Crystal Spear to your library.
   554 | D:1      | Found a faded altar of an unknown god.
   840 | D:1      | Reached skill level 5 in Ice Magic
  1094 | D:2      | Found an iron altar of Okawaru.
  1123 | D:2      | You pick up a book of Storms and begin reading...
  1123 | D:2      | You add the spells Airstrike, Summon Lightning Spire and
                  | Lightning Bolt to your library.
  1127 | D:2      | Noticed Sigmund
  1220 | D:2      | Reached XP level 3. HP: 21/24 MP: 2/6
  1280 | D:2      | Learned a level 3 spell: Frozen Ramparts
  1284 | D:2      | Learned a level 3 spell: Ozocubu's Armour
  1454 | D:2      | HP: 2/24 [something (8)]
  1457 | D:2      | Killed from afar by Sigmund

Vanquished Creatures
  An adder (D:2)
  A worm (D:2)
  5 endoplasms
  3 giant cockroaches
  3 goblins (D:1)
  3 hobgoblins
  6 kobolds
  A quokka (D:1)
  A ball python (D:1)
  7 rats
31 creatures vanquished.

Table legend:
 A = Non-vault XP
 B = Vault XP
 C = Vault XP percentage of total XP
 D = Non-vault monster count
 E = Vault monster count
 F = Vault count percentage of total count
                 A         B        C        D         E       F
            +---------+---------+-------+---------+---------+-------
      Total |      57 |       7 |  10.9 |      27 |       4 |  12.9
            +---------+---------+-------+---------+---------+-------
        D:1 |      24 |       7 |  22.6 |      15 |       4 |  21.1
        D:2 |      33 |       0 |   0.0 |      12 |       0 |   0.0
            +---------+---------+-------+---------+---------+-------

Illustrated notes

Table legend:
 A = Kills in this place as a percentage of kills in entire the game.
 B = Kills by you in this place as a percentage of kills by you in the entire game.
 C = Kills by friends in this place as a percentage of kills by friends in the entire game.
 D = Other kills in this place as a percentage of other kills in the entire game.
 E = Experience gained in this place as a percentage of experience gained in the entire game.
 F = Experience gained in this place divided by the number of levels of this place that you have seen.
                   A       B       C       D       E      F
               +-------+-------+-------+-------+-------+----------------------
         Total | 100.0 | 100.0 |   N/A |   N/A | 100.0 |  32.0
       Dungeon | 100.0 | 100.0 |   N/A |   N/A | 100.0 |  32.0
               +-------+-------+-------+-------+-------+----------------------

Table legend: (Time is in decaauts)
 A = Elapsed time spent in this place.
 B = Non-inter-level travel time spent in this place.
 C = Inter-level travel time spent in this place.
 D = Time resting spent in this place.
 E = Time spent auto-exploring this place.
 F = Levels seen in this place.
 G = Mean time per level.
                   A        B        C        D        E       F      G
               +--------+--------+--------+--------+--------+-----+--------+
         Total |   1454 |   1397 |     57 |    101 |   1064 |   2 |  727.0 |
       Dungeon |   1454 |   1397 |     57 |    101 |   1064 |   2 |  727.0 |
               +--------+--------+--------+--------+--------+-----+--------+

Top non-repeatable levels by time:
     D:1: 1175 daAuts
     D:2: 278 daAuts
